 Dungeon Crawl Stone Soup version 0.21.1-1-g345015f (webtiles) character file.

4446 inc the Chiller (level 10, -7/68 HPs)
             Began as an Octopode Ice Elementalist on June 11, 2018.
             Was an Initiate of Gozag.
             Mangled by a hornet (8 damage)
             ... on level 8 of the Dungeon.
             The game lasted 00:25:55 (12693 turns).

inc the Chiller (Octopode Ice Elementalist)        Turns: 12693, Time: 00:25:56

Health: -7/68      AC:  1    Str:  7    XL:     10   Next: 37%
Magic:  17/20      EV: 13    Int: 21    God:    Gozag
Gold:   1234       SH:  5    Dex: 13    Spells: 1/22 levels left

rFire    . . .     SeeInvis +   o - +1 dagger (distort)
rCold    . . .     Gourm    .   t - +0 buckler
rNeg     . . .     Faith    .   (helmet restricted)
rPois    .         Spirit   .   (no amulet)
rElec    .         Reflect  .   n - ring of see invisible
rCorr    .         Harm     .   p - ring of wizardry
MR       .....                  (no ring)
Stlth    +++.......             (no ring)
HPRegen  0.21/turn              (no ring)
MPRegen  0.17/turn              (no ring)
                                (no ring)
                                (no ring)

@: slowed, drained, very slow
A: almost no armour, stealthy swim, amphibious, 8 rings, constrict 8, camouflage
1, gelatinous body 1
a: Potion Petition, Call Merchant, Bribe Branch, Renounce Religion


You were on level 8 of the Dungeon.
You worshipped Gozag.
Gozag was most pleased with you.
You were not hungry.

You visited 2 branches of the dungeon, and saw 11 of its levels.
You also visited: Sewer.

You collected 1298 gold pieces.
You paid 64 gold pieces to Gozag.

Inventory:

Hand Weapons
 o - a +1 dagger of distortion (weapon)
 y - a +3 mace of draining
Armour
 t - a +0 buckler (worn)
Jewellery
 n - a ring of see invisible (left tentacle)
 p - a ring of wizardry (right tentacle)
 x - a +4 amulet of reflection {unknown}
Wands
 e - a wand of paralysis (18)
 l - a wand of iceblast (10)
Scrolls
 f - 4 scrolls of remove curse
 k - a scroll of enchant weapon
 m - 2 scrolls of identify
 r - a scroll of fear
 s - a scroll of holy word
 u - 3 scrolls of immolation
 v - 3 scrolls of teleportation
Potions
 b - 2 potions of mutation
 d - 2 potions of invisibility
 g - 2 potions of flight
 h - 2 potions of degeneration
 i - 3 potions of curing
 j - 4 potions of ambrosia
 q - a potion of magic
 w - a potion of haste
 z - a potion of might {unknown}
 C - 2 potions of brilliance {unknown}
Books
 a - a book of Frost

   Spells                             Type                      Level
   a - Freeze                         Ice                          1
   b - Throw Frost                    Conjuration/Ice              2
   c - Ozocubu's Armour               Charms/Ice                   3
   d - Throw Icicle                   Conjuration/Ice              4
   e - Summon Ice Beast               Ice/Summoning                4
 A - a book of Minor Magic

   Spells                             Type                      Level
   a - Magic Dart                     Conjuration                  1
   b - Blink                          Translocation                2
   c - Call Imp                       Summoning                    2
   d - Slow                           Hexes                        2
   e - Conjure Flame                  Conjuration/Fire             3
   f - Mephitic Cloud                 Conjuration/Poison/Air       3
 B - the Grimoire of Gliding Ice
   (You found it on level 6 of the Dungeon)

   Spells                             Type                      Level
   a - Swiftness                      Charms/Air                   2
   b - Throw Frost                    Conjuration/Ice              2
   c - Airstrike                      Air                          4
   d - Deflect Missiles               Charms/Air                   6
Comestibles
 c - 7 rations


   Skills:
 - Level 6.0(5.7) Fighting
 - Level 2.0(1.8) Dodging
 - Level 2.6(2.4) Stealth
 - Level 4.8(4.6) Shields
 - Level 6.8(6.6) Spellcasting
 - Level 6.6(6.3) Conjurations
 + Level 2.7(2.5) Charms
 - Level 7.3(7.0) Ice Magic
 + Level 2.7(2.5) Air Magic


You had one spell level left.
You knew the following spells:

 Your Spells              Type           Power        Failure   Level  Hunger
a - Freeze                Ice            ####         1%          1    None
b - Ozocubu's Armour      Chrm/Ice       ####....     1%          3    #......
c - Throw Frost           Conj/Ice       #####.       1%          2    None
d - Throw Icicle          Conj/Ice       #####...     2%          4    ###....
e - Summon Ice Beast      Ice/Summ       ###.....     9%          4    ###....
f - Swiftness             Chrm/Air       ###.....     1%          2    None
g - Blink                 Tloc           N/A          6%          2    None
h - Mephitic Cloud        Conj/Pois/Air  ###.....     3%          3    #......


Dungeon Overview and Level Annotations

Branches:
Dungeon (10/15)            Temple (1/1) D:4
   Lair: D:8-11         Orc: D:9-12

Altars:
Ashenzari
Cheibriados
Dithmenos
Elyvilon
Fedhas
Gozag
Hepliaklqana
Kikubaaqudgha
Makhleb
Nemelex Xobeh
Okawaru
Qazlal
Ru
Sif Muna
Trog
Uskayaw
Vehumet
Wu Jian
Xom
Yredelemnul
Zin
The Shining One

Shops:
D:4 %}:*   D:6 [   D:9 %

Annotations:
D:4 4 runed doors
D:5 inc's ghost, amateur OpCj


Innate Abilities, Weirdness & Mutations

You cannot wear most types of armour.
You are very stealthy in the water. (Stealth+)
You are amphibious.
You can wear up to eight rings at the same time.
You can use your tentacles to constrict eight enemies at once.
Your skin changes colour to match your surroundings (Stealth+).
Your rubbery body absorbs attacks. (AC +1, EV +1)


Message History

Aiming: Freeze
Press: ? - help, Shift-Dir - straight line, f/p - hornet
Aim: a hornet (almost dead)
You freeze the hornet.
The hornet is almost dead.
* * * LOW HITPOINT WARNING * * *
You feel very sick. The hornet stings you.
* * * LOW HITPOINT WARNING * * *
You are more poisoned.
You feel as though you will be slow longer.
The hornet stings you.
* * * LOW HITPOINT WARNING * * *
You feel as though you will be slow longer.
You feel better. The hornet stings you!
* * * LOW HITPOINT WARNING * * *
You feel as though you will be slow longer.
The hornet misses you. The hornet stings you!
You die...
Your body crumbles into a pile of gold.

#.## #.####
##.########..#####
##........[[[.....#
####.##..#####)####..####
.......>.# #....##.#
....###.## #..#..#.## ##
..# ###.###..## #.## ##.#
##..# .. #@#.####.# #..
##y#.#...# #.. #.######
#.. #.# ##


You could see a hornet.

Vanquished Creatures
  A two-headed ogre (D:8)
  A water nymph (shapeshifter) (D:9)
  A wyvern (D:9)
  2 orc warriors
  3 sky beasts
  An ice beast (D:9)
  An ogre (D:7)
  2 centaurs
  2 big kobolds
  3 bullfrogs
  2 scorpions (D:4)
  4 killer bees (D:9)
  4 wights
  13 howler monkeys
  2 crimson imps
  A quasit (D:9)
  A bullfrog zombie (D:5)
  4 bullfrog skeletons
  5 hounds
  5 orc priests
  A jelly (D:6)
  An iguana (D:6)
  11 orc wizards
  6 worker ants
  A hound zombie (D:9)
  A hound skeleton (D:8)
  7 adders
  2 river rats
  2 adder skeletons
  An adder zombie (D:9)
  A worm (D:8)
  4 dart slugs
  14 leopard geckos
  15 orcs
  A ball python (D:1)
  7 giant cockroaches
  8 goblins
  9 hobgoblins
  8 jackals
  5 quokkas
  8 bats
  10 frilled lizards
  18 kobolds
  A quokka skeleton (D:5)
  14 rats
  A plant (D:4)
215 creatures vanquished.

Vanquished Creatures (collateral kills)
  Menkaure (D:6)
  A black bear (D:8)
2 creatures vanquished.

Vanquished Creatures (others)
  A soldier ant (D:8)
  A wight (D:8)
2 creatures vanquished.

Grand Total: 219 creatures vanquished

Notes
Turn   | Place    | Note
-------+----------+-------------------------------------------
     0 | D:1      | inc the Octopode Ice Elementalist began the quest for the Orb.
     0 | D:1      | Reached XP level 1. HP: 11/11 MP: 3/3
   277 | D:1      | Reached XP level 2. HP: 3/17 MP: 3/5
   772 | D:1      | Reached skill level 4 in Ice Magic
   792 | D:1      | Reached XP level 3. HP: 13/21 MP: 6/6
  1393 | D:2      | Found a faded altar of an unknown god.
  1682 | D:2      | Reached XP level 4. HP: 27/27 MP: 3/7
  1998 | D:2      | Reached skill level 5 in Ice Magic
  2772 | D:3      | Reached XP level 5. HP: 22/31 MP: 3/8
  3215 | D:4      | Found a staircase to the Ecumenical Temple.
  3325 | D:4      | Reached XP level 6. HP: 31/36 MP: 3/10
  3330 | D:4      | Reached skill level 6 in Ice Magic
  3367 | Temple   | Entered the Ecumenical Temple
  3407 | Temple   | Became a worshipper of Gozag Ym Sagoz the Greedy
  3602 | D:4      | Learned a level 3 spell: Ozocubu's Armour
  3605 | D:4      | Learned a level 2 spell: Throw Frost
  3610 | D:4      | Learned a level 4 spell: Throw Icicle
  3764 | D:4      | Found Fuled's Food Emporium.
  3851 | D:4      | Found Egywk's Gadget Emporium.
  3868 | D:4      | Found Kuown's Book Boutique.
  4132 | D:4      | Reached XP level 7. HP: 22/41 MP: 3/14
  4214 | D:4      | Reached skill level 5 in Spellcasting
  4457 | D:4      | Found Ominguts's Assorted Antiques.
  4590 | D:4      | Found a large runed door.
  4590 | D:4      | Found a large runed door.
  4620 | D:5      | Entered Level 5 of the Dungeon
  4723 | D:5      | Noticed inc's ghost (amateur OpCj)
  5092 | D:5      | Found a glowing drain.
  5125 | Sewer    | Entered a sewer
  5444 | Sewer    | Found a white marble altar of Elyvilon.
  5585 | D:4      | Learned a level 4 spell: Summon Ice Beast
  5653 | D:4      | Found a large runed door.
  5653 | D:4      | Found a large runed door.
  6381 | D:6      | Noticed Menkaure
  6435 | D:6      | Reached XP level 8. HP: 25/46 MP: 9/18
  6634 | D:6      | Found a shadowy altar of Dithmenos.
  6790 | D:6      | Reached skill level 1 in Fighting
  6857 | D:6      | Identified the Grimoire of Gliding Ice
  6890 | D:6      | Killed Menkaure
  7328 | D:6      | Found Zutas's Armour Boutique.
  8065 | D:7      | Reached skill level 1 in Shields
  8894 | D:7      | Found a shattered altar of Ashenzari.
  9089 | D:7      | Paralysed by an orc priest for 4 turns
  9096 | D:7      | Paralysed by an orc priest for 6 turns
  9103 | D:7      | Paralysed by an orc priest for 4 turns
  9107 | D:7      | Reached skill level 5 in Fighting
  9447 | D:8      | Noticed a two-headed ogre
  9468 | D:8      | Killed a two-headed ogre
  9468 | D:8      | Reached XP level 9. HP: 22/62 MP: 5/19
 10336 | D:9      | Reached skill level 5 in Conjurations
 10731 | D:9      | Noticed a water nymph
 10747 | D:9      | Killed a water nymph
 10747 | D:9      | Reached skill level 7 in Ice Magic
 10747 | D:9      | Reached XP level 10. HP: 60/68 MP: 15/20
 11322 | D:9      | Found Gis Pyax's Food Shoppe.
 11344 | D:9      | Learned a level 2 spell: Swiftness
 11347 | D:9      | Learned a level 2 spell: Blink
 11351 | D:9      | Learned a level 3 spell: Mephitic Cloud
 11751 | D:10     | Entered Level 10 of the Dungeon
 11775 | D:10     | Reached skill level 1 in Charms
 11775 | D:10     | Reached skill level 1 in Air Magic
 11999 | D:8      | Noticed a death yak
 11999 | D:8      | Noticed a death yak
 12000 | D:8      | Noticed a death yak
 12685 | D:8      | Paralysed by a hornet for 3 turns
 12693 | D:8      | HP: 1/68 [hornet (16)]
 12693 | D:8      | Mangled by a hornet

Skill      XL: |  1  2  3  4  5  6  7  8  9 10 |
---------------+-------------------------------+-----
Ice Magic      | 4 5 6 7 |  7.3
Spellcasting   | 3 4 6 |  6.8
Fighting       | 6 |  6.0
Shields        | 4 |  4.8
Conjurations   | 6 |  6.6
Charms         | 2 |  2.7
Air Magic      | 2 |  2.7
Dodging        | |  2.0
Stealth        | |  2.6

Action                   |  1- 3 |  4- 6 |  7- 9 | 10-12 || total
-------------------------+-------+-------+-------+-------++-------
Melee: Unarmed           |    63 |       |       |       ||    63
       Constrict         |    20 |     9 |    18 |    21 ||    68
       Tentacles         |    17 |    12 |     7 |    15 ||    51
       Mace              |       |    14 |    46 |       ||    60
       Whip              |       |    29 |     6 |       ||    35
       Dagger            |       |       |    23 |    73 ||    96
 Cast: Freeze            |    28 |    87 |   181 |    45 ||   341
       Ozocubu's Armour  |       |     1 |    15 |     1 ||    17
       Throw Icicle      |       |       |     6 |     1 ||     7
       Summon Ice Beast  |       |       |     9 |       ||     9
       Throw Frost       |       |       |     6 |       ||     6
  Use: Scroll            |       |     5 |    15 |       ||    20
       Potion            |       |       |     4 |     2 ||     6
 Stab: Sleeping          |    12 |     2 |     4 |     2 ||    20
       Distracted        |       |     1 |     1 |       ||     2
  Eat: Chunk             |     3 |     6 |       |       ||     9
       Ration            |       |       |     8 |     2 ||    10
Armor: Skin              |    12 |    12 |    39 |     8 ||    71
Dodge: Dodged            |    48 |    66 |   157 |    67 ||   338
Block: Buckler           |       |       |    20 |    28 ||    48
